 Dungeon Crawl Stone Soup version 0.25-a0-566-g062765be81 (webtiles) character file.

Game seed: 12625195298684657110, levelgen mode: deterministic

6 vurker the Gusty (level 1, -1/7 HPs)
             Began as a Felid Air Elementalist on Feb 28, 2020.
             Slain by a jackal (2 damage)
             ... on level 1 of the Dungeon.
             The game lasted 00:00:28 (531 turns).

vurker the Gusty (Felid Air Elementalist)            Turns: 531, Time: 00:00:29

Health: -1/7       AC:  1    Str:  4    XL:     1   Next: 75%
Magic:  0/4        EV: 18    Int: 16    God:
Gold:   19         SH:  0    Dex: 16    Spells: 3/4 levels left
                                        Lives:  0   Deaths: 0

rFire    . . .     SeeInvis +   (weapon unavailable)
rCold    . . .     Gourm    .   (shield unavailable)
rNeg     . . .     Faith    .   (armour unavailable)
rPois    .         Spirit   .   (helmet unavailable)
rElec    .         Reflect  .   (cloak unavailable)
rCorr    .         Harm     .   (gloves unavailable)
MR       .....                  (boots unavailable)
Stlth    +++.......             (no amulet)
HPRegen  0.02/turn              (no ring)
MPRegen  0.09/turn              (no ring)

@: quick
A: very small, no armour, no weapons or thrown items, stealth, claws 1, fangs 3,
see invisible, carnivore, speed 1, shaggy fur 1, slow metabolism 1, sharp paws
a: no special abilities


You were on level 1 of the Dungeon.
You were very full.

You visited 1 branch of the dungeon, and saw 1 of its levels.

You collected 19 gold pieces.

Inventory:

Scrolls
 b - a scroll of magic mapping {unknown}
Potions
 a - a potion of cancellation {unknown}
 c - a potion of magic {unknown}
 d - a potion of degeneration {unknown}
 f - a potion of stabbing {unknown}
Comestibles
 e - 4 rations


   Skills:
 + Level 0.2 Fighting
 - Level 2.6 Dodging
 - Level 2.6 Stealth
 * Level 2.2 Spellcasting
 + Level 1.0 Conjurations
 * Level 2.8 Air Magic


You had 3 spell levels left.
You knew the following spells:

 Your Spells              Type           Power        Failure   Level  Hunger
a - Shock                 Conj/Air       #...         10%         1    #......

Your spell library contained the following spells:

 Spells                   Type           Power        Failure   Level  Hunger
 Swiftness                Chrm/Air       #.......     17%         2    ###....
 Static Discharge         Conj/Air       #.......     28%         3    ###....
 Airstrike                Air            ##........   54%         4    #####..
 Lightning Bolt           Conj/Air       #.........   95%         5    ######.


Dungeon Overview and Level Annotations

Branches:
Dungeon (1/15)

Altars:


Innate Abilities, Weirdness & Mutations

You cannot wear armour.
You are incapable of wielding weapons or throwing items.
Your paws allow you to move quietly. (Stealth)
You have sharp claws.
You have razor-sharp teeth.
You have supernaturally acute eyesight. (SInv)
You are carnivorous and can eat meat at any time.
You cover ground quickly.
You are covered in fur. (AC +1)
You have a slow metabolism.
Your sharp claws are effective at attacking unaware monsters.


Message History

e - 4 rations (gained 1)
You butcher the rat corpse.
f - a chunk of flesh You see here a rat skeleton. x2
Eating a chunk of flesh.
You eat the chunk of flesh.
This raw flesh tastes great.
Found a bubbling orange potion.
f - a bubbling orange potion A jackal comes into view.
A jackal is nearby!
A jackal is nearby!
A jackal is nearby!
Aim: a jackal (resting)
The zap hits the jackal.
The jackal barks!
A jackal comes into view.
Aim: a jackal The zap hits the jackal. x2
The jackal barks!
A jackal comes into view.
Aim: a jackal (severely wounded)
The zap hits the jackal.
A bat comes into view.
Aim: a jackal (almost dead)
The zap hits the jackal.
You kill the jackal!
The bat hits you but does no damage. The bat hits you.
You don't have enough magic to cast that spell.
The bat misses you. The bat misses you. The bat hits you but does no damage.
The bat misses you.
A hobgoblin comes into view.
The jackal misses you. The bat closely misses you. The bat misses you.
The bat hits you.
You don't have enough magic to cast that spell.
The bat misses you.
The hobgoblin shouts!
The jackal bites you but does no damage.
The bat hits you. The jackal bites you.
* * * LOW HITPOINT WARNING * * *
The zap hits the jackal.
The zap misses the jackal.
The bat hits you.
* * * LOW HITPOINT WARNING * * *
The jackal barely misses you.
You scratch the jackal but do no damage.
The jackal misses you. The jackal barely misses you.
The jackal closely misses you.
You scratch the jackal. The jackal barely misses you. The jackal bites you.
You die...

###.......##......#.#.##.#
............#.....#.#.##.#
##.....#....#.#####.#.##.#
..)......####.#####.#....#
##..#.##............######
...........##..######
#####.####.###.###
...........h.# #.#.###.#@#
##..#h### #....b..#
...#....#..#
.#...#g.##.... #...#.†.#.
.#### .#...#. . . ..#... .
#. #...#. .# .#


You could see 2 jackals, a hobgoblin and a bat.

Vanquished Creatures
  A hobgoblin (D:1)
  A jackal (D:1)
  2 kobolds (D:1)
  A bat (D:1)
  A rat (D:1)
6 creatures vanquished.

Notes
Turn   | Place    | Note
-------+----------+-------------------------------------------
     0 | D:1      | vurker the Felid Air Elementalist began the quest for the
                  | Orb.
     0 | D:1      | Reached XP level 1. HP: 7/7 MP: 4/4
   169 | D:1      | Reached skill level 1 in Conjurations
   531 | D:1      | Slain by a jackal

Levels and vault maps discovered:
D:1:      ebering_trefoil_twist, layout_basic, hex_large

Skill      XL: |  1 |
---------------+----+-----
Conjurations   | 1 |  1.0
Fighting       | |  0.2
Dodging        | |  2.6
Stealth        | |  2.6
Spellcasting   | |  2.2
Air Magic      | |  2.8

Action                   || total
-------------------------++-------
Melee: Unarmed           ||    14
       Bite              ||     3
 Cast: Shock             ||    16
  Eat: Chunk             ||     5
Armor: Skin              ||     5
Dodge: Dodged            ||    20

Table legend:
 A = Non-vault XP
 B = Vault XP
 C = Vault XP percentage of total XP
 D = Non-vault monster count
 E = Vault monster count
 F = Vault count percentage of total count
                 A         B        C        D         E       F
            +---------+---------+-------+---------+---------+-------
      Total |       9 |       0 |   0.0 |       6 |       0 |   0.0
            +---------+---------+-------+---------+---------+-------
        D:1 |       9 |       0 |   0.0 |       6 |       0 |   0.0
            +---------+---------+-------+---------+---------+-------
